 Dungeon Crawl Stone Soup version 0.19.1-1-g22dce08 (webtiles) character file.

200 esteth the Conjurer (level 5, 0/28 HPs)
             Began as a Deep Elf Conjurer on Jan 6, 2017.
             Slain by an orc wizard
             ... wielding a +0 dagger
              (3 damage)
             ... on level 4 of the Dungeon.
             The game lasted 00:17:03 (4111 turns).

esteth the Conjurer (Deep Elf Conjurer)             Turns: 4111, Time: 00:17:03

Health: 0/28       AC:  6    Str:  5    XL:     5   Next: 48%
Magic:  0/13       EV: 17    Int: 21    God:
Gold:   145        SH:  0    Dex: 15    Spells: 2 memorised, 8 levels left

rFire  . . .     SeeInvis .     (no weapon)
rCold  + . .     Gourm    .     a - +1 robe
rNeg   . . .     Faith    .     (no shield)
rPois  .         Spirit   .     (no helmet)
rElec  +         Reflect  .     s - +1 cloak of Starlight {rElec rC+ EV+4 Stlth--}
rCorr  .         Harm     .     (no gloves)
MR     .....                    e - +0 pair of boots
Stlth  ..........               (no amulet)
                                (no ring)
                                (no ring)

@: no status effects
A: no striking features
a: no special abilities


You were on level 4 of the Dungeon.
You were very hungry.

You visited 1 branch of the dungeon, and saw 4 of its levels.

You collected 145 gold pieces.

Inventory:

Armour
 a - a +1 robe (worn)
 e - a +0 pair of boots (worn)
 s - the +1 cloak of Starlight (worn) {rElec rC+ EV+4 Stlth--}
   (You found it on level 4 of the Dungeon)

   It affects your evasion (+4).
   It protects you from cold.
   It insulates you from electricity.
   It makes you much less stealthy.
Scrolls
 f - a scroll of enchant weapon
 g - a scroll of fear {unknown}
 k - a scroll of identify
 o - a scroll of amnesia
Potions
 h - 2 potions of curing
 m - 3 potions of agility {unknown}
 n - a potion of degeneration {unknown}
 q - 3 potions of heal wounds {unknown}
Books
 b - a book of Conjurations

   Spells                             Type                      Level
   a - Magic Dart                     Conjuration                  1
   b - Searing Ray                    Conjuration                  2
   c - Dazzling Spray                 Conjuration/Hexes            3
   d - Fulminant Prism                Conjuration/Hexes            4
   e - Iskenderun's Mystic Blast      Conjuration                  4
   f - Iskenderun's Battlesphere      Conjuration/Charms           5
Comestibles
 c - 2 bread rations {@e1}
 d - a beef jerky
 j - a meat ration {@e2}
 l - a fruit
 p - a royal jelly
 r - a slice of pizza


   Skills:
 - Level 2.7 Dodging
 - Level 2.5 Stealth
 + Level 4.0 Spellcasting
 * Level 7.0 Conjurations


You had 8 spell levels left.
You knew the following spells:

 Your Spells              Type           Power        Failure   Level  Hunger
a - Magic Dart            Conj           ####         1%          1    None
b - Dazzling Spray        Conj/Hex       ###...       10%         3    ###....


Dungeon Overview and Level Annotations

Branches:
Dungeon (4/15)
 Temple: D:4-7

Altars:
Dithmenos
Elyvilon
Gozag
Zin

Annotations:
D:4 Dowan, Duvessa


Message History

Aim: an orc wizard, wielding a dagger and wearing a robe (almost dead, fast)
The magic dart hits the orc wizard.
The orc wizard is almost dead.
The orc wizard casts a spell at you. The puff of frost misses you.
The orc wizard looks encouraged for a moment.
The orc wizard casts a spell.
The orc wizard flickers and vanishes!
Deactivating autopickup; reactivate with Ctrl-A.
A magic dart appears from out of thin air!
The magic dart hits you!
* * * LOW HITPOINT WARNING * * *
Casting: Magic Dart
Confirm with . or Enter, or press ? or * to list all spells.
Aiming: Magic Dart
Press: ? - help, Shift-Dir - straight line, f - orc
Aim: an orc, wielding a flail The magic dart hits something.
Something hits you.
You die...

##. #.. ## ### #.# .# #.# ##+##
#.# .# #.# ##...## #.# .# #.#
#########.....## #.# .#
#.###..............###)#
.######.#.................##.#
................@...o.....'..#
.######.#.................##.....
## #.#.#.....##.......######..
#......######.....## . ###.####
##...## #.# ##'## #.# #.# #.#
#########.# #.# #.........##


You could see an orc.

Vanquished Creatures
  A hound (D:4)
  An orc wizard (D:4)
  5 adders
  2 oozes
  2 worms (D:2)
  4 dart slugs
  A leopard gecko (D:3)
  4 orcs
  A ball python (D:2)
  6 bats
  4 giant cockroaches
  6 goblins
  11 hobgoblins
  4 jackals
  2 quokkas
  7 frilled lizards
  2 kobolds (D:1)
  8 rats
71 creatures vanquished.

Notes
Turn   | Place    | Note
-------+----------+-------------------------------------------
     0 | D:1      | esteth the Deep Elf Conjurer began the quest for the Orb.
     0 | D:1      | Reached XP level 1. HP: 10/10 MP: 6/6
   319 | D:1      | Reached XP level 2. HP: 15/15 MP: 5/8
   588 | D:1      | Reached skill level 5 in Conjurations
   784 | D:1      | Reached XP level 3. HP: 19/19 MP: 4/9
  1314 | D:2      | Found a shadowy altar of Dithmenos.
  1713 | D:2      | Reached skill level 6 in Conjurations
  1713 | D:2      | Reached XP level 4. HP: 23/24 MP: 2/10
  3068 | D:3      | Found a glowing silver altar of Zin.
  3071 | D:3      | Found an opulent altar of Gozag.
  3136 | D:3      | Reached XP level 5. HP: 28/28 MP: 9/12
  3342 | D:4      | Learned a level 3 spell: Dazzling Spray
  3727 | D:4      | Found a white marble altar of Elyvilon.
  3733 | D:4      | Noticed Duvessa
  3734 | D:4      | Noticed Dowan
  4092 | D:4      | Reached skill level 7 in Conjurations
  4111 | D:4      | Slain by an orc wizard

Skill      XL: |  1  2  3  4  5 |
---------------+----------------+-----
Conjurations   | 5 6 7 |  7.0
Spellcasting   | 4 |  4.0
Dodging        | |  2.7
Stealth        | |  2.5

Action                   |  1- 3 |  4- 6 || total
-------------------------+-------+-------++-------
Melee: Unarmed           |     7 |     6 ||    13
 Cast: Magic Dart        |    89 |    79 ||   168
       Dazzling Spray    |       |    10 ||    10
  Use: Scroll            |       |     8 ||     8
  Eat: Chunk             |     2 |     7 ||     9
Armor: Robe              |     2 |     3 ||     5
Dodge: Dodged            |     6 |    25 ||    31
